[ AOE2 MATCH · #505033217 ]
UnrankedSlavs vs Turks
Player's team · LOSS
Rival team · WIN
[ REPLAY ANALYSIS · EXTRACTED FROM THE RECORDED GAME ]
Feudal
8:50
Castle
20:52
Imperial
—
| APM avg | 58.4 |
| APM peak | 102 |
| eAPM avg | 31.1 |
| Villagers / military | 158 / 110 |
Focus
⚔️ 31.2% · 🌾 68.8%
Knight ×70 · Scorpion ×19 · Archer ×12 · Militia ×4 · Monk ×2 · Spearman ×2
Feudal
8:54
Castle
21:52
Imperial
—
| APM avg | 83.0 |
| APM peak | 114 |
| eAPM avg | 41.1 |
| Villagers / military | 188 / 157 |
Focus
⚔️ 52.4% · 🌾 47.6%
Cavalry Archer ×122 · Archer ×25 · Camel Scout ×4 · Scout Cavalry ×2 · Knight ×1 · Mangonel ×1
Match map
Initial resources + every placement click. Lines = walls · curves = elevation contours. ◆ gold · ⬟ stone · ● berries · ✦ relic · ◌ wall gap
Your base· ✓ Closed at 20:52 · 22t walls · no gate
DS_Gali's base· Open — opponent sealed themselves in
Smoothed initial terrain · ◌ = detected wall gap · hover for details
Inputs per minute
— OS+ | Emil :D - - DS_Gali
Build order — OS+ | Emil :D
First 150 of 435 actions detected
| 0:00 | Create | Villager (Male) |
| 0:00 | Create | Villager (Male) |
| 0:01 | Create | Villager (Male) |
| 0:02 | Build | House |
| 0:02 | Build | House |
| 0:20 | Create | Villager (Male) |
| 1:33 | Create | Villager (Male) |
| 2:00 | Create | Villager (Male) |
| 2:01 | Build | Lumber Camp |
| 2:27 | Create | Villager (Male) |
| 2:29 | Create | Villager (Male) |
| 2:50 | Create | Villager (Male) |
| 3:12 | Build | House |
| 3:33 | Create | Villager (Male) |
| 3:33 | Create | Villager (Male) |
| 3:58 | Create | Villager (Male) |
| 4:34 | Create | Villager (Male) |
| 4:41 | Create | Villager (Male) |
| 4:59 | Build | Barracks |
| 5:03 | Create | Villager (Male) |
| 5:47 | Create | Villager (Male) |
| 5:56 | Research | Loom |
| 6:33 | Build | Mining Camp |
| 6:34 | Research | Feudal Age |
| 6:56 | Create | Militia |
| 7:12 | Create | Militia |
| 7:34 | Create | Militia |
| 7:53 | Build | Mill |
| 8:02 | Create | Militia |
| 8:07 | Build | House |
| 8:08 | Build | Palisade Wall |
| 8:43 | Create | Villager (Male) |
| 8:50 | Age | Feudal Age |
| 8:53 | Research | Man-at-Arms (upgrade) |
| 9:02 | Build | Archery Range |
| 9:15 | Create | Villager (Male) |
| 9:33 | Create | Villager (Male) |
| 9:39 | Build | Farm |
| 9:40 | Build | Farm |
| 9:54 | Create | Villager (Male) |
| 10:05 | Create | Archer |
| 10:16 | Build | Farm |
| 10:20 | Build | Farm |
| 10:27 | Create | Archer |
| 10:28 | Create | Villager (Male) |
| 10:35 | Create | Spearman |
| 10:53 | Create | Archer |
| 10:59 | Create | Villager (Male) |
| 11:12 | Create | Villager (Male) |
| 11:26 | Build | Blacksmith |
| 11:32 | Create | Villager (Male) |
| 11:47 | Create | Archer |
| 11:48 | Create | Villager (Male) |
| 11:52 | Build | House |
| 11:53 | Build | House |
| 12:09 | Research | Double-Bit Axe |
| 12:28 | Create | Archer |
| 12:34 | Research | Fletching |
| 12:37 | Build | House |
| 12:49 | Create | Villager (Male) |
| 12:50 | Create | Villager (Male) |
| 12:51 | Build | Farm |
| 13:00 | Build | House |
| 13:01 | Build | Palisade Wall |
| 13:06 | Create | Archer |
| 13:07 | Create | Villager (Male) |
| 13:07 | Create | Villager (Male) |
| 13:09 | Build | Farm |
| 13:12 | Build | Palisade Wall |
| 13:14 | Build | Palisade Wall |
| 13:15 | Build | Palisade Wall |
| 13:26 | Build | Palisade Wall |
| 13:30 | Create | Archer |
| 13:31 | Create | Villager (Male) |
| 13:48 | Create | Villager (Male) |
| 13:53 | Build | Farm |
| 14:00 | Build | Farm |
| 14:14 | Create | Villager (Male) |
| 14:32 | Create | Archer |
| 14:33 | Create | Villager (Male) |
| 14:41 | Build | Farm |
| 14:43 | Build | Farm |
| 14:48 | Create | Archer |
| 14:50 | Create | Villager (Male) |
| 15:19 | Create | Villager (Male) |
| 15:20 | Create | Archer |
| 15:24 | Build | House |
| 15:43 | Create | Spearman |
| 15:58 | Build | Stable |
| 16:02 | Create | Archer |
| 16:03 | Create | Villager (Male) |
| 16:16 | Build | House |
| 16:17 | Build | House |
| 16:18 | Build | House |
| 16:21 | Create | Villager (Male) |
| 16:44 | Build | Lumber Camp |
| 16:52 | Create | Villager (Male) |
| 17:06 | Create | Archer |
| 17:07 | Create | Villager (Male) |
| 17:10 | Build | Farm |
| 17:20 | Build | House |
| 17:29 | Build | Farm |
| 17:53 | Build | Farm |
| 18:08 | Build | House |
| 18:12 | Research | Castle Age |
| 18:13 | Build | Farm |
| 18:17 | Build | House |
| 18:26 | Build | Market |
| 18:56 | Build | Farm |
| 18:59 | Create | Villager (Male) |
| 19:03 | Build | House |
| 19:05 | Build | House |
| 19:15 | Build | Farm |
| 19:16 | Build | Farm |
| 19:26 | Research | Horse Collar |
| 19:31 | Research | Bloodlines |
| 19:31 | Research | Bloodlines |
| 19:38 | Build | Farm |
| 19:58 | Build | House |
| 20:00 | Build | House |
| 20:04 | Research | Scale Barding Armor |
| 20:04 | Research | Scale Barding Armor |
| 20:09 | Build | House |
| 20:18 | Build | Farm |
| 20:20 | Build | Farm |
| 20:47 | Build | Stable |
| 20:52 | Age | Castle Age |
| 20:54 | Create | Knight |
| 20:55 | Create | Villager (Male) |
| 21:00 | Research | Chain Barding Armor |
| 21:20 | Create | Knight |
| 21:20 | Create | Knight |
| 21:23 | Build | Farm |
| 21:45 | Create | Villager (Male) |
| 21:47 | Create | Knight |
| 21:47 | Create | Knight |
| 21:56 | Build | Palisade Wall |
| 21:59 | Build | Farm |
| 22:01 | Create | Villager (Male) |
| 22:18 | Create | Knight |
| 22:23 | Create | Villager (Male) |
| 22:28 | Research | Husbandry |
| 22:29 | Research | Husbandry |
| 22:45 | Create | Knight |
| 22:51 | Create | Villager (Male) |
| 23:06 | Create | Knight |
| 23:19 | Create | Villager (Male) |
| 23:23 | Create | Knight |
| 23:23 | Create | Knight |
| 23:33 | Build | Town Center |
Build order — DS_Gali
First 150 of 483 actions detected
| 0:04 | Create | Villager (Male) |
| 0:04 | Build | House |
| 0:05 | Build | House |
| 0:10 | Create | Villager (Male) |
| 0:12 | Create | Villager (Male) |
| 0:13 | Create | Villager (Male) |
| 1:31 | Create | Villager (Male) |
| 1:31 | Create | Villager (Male) |
| 2:01 | Create | Villager (Male) |
| 2:01 | Create | Villager (Male) |
| 2:13 | Build | Lumber Camp |
| 2:31 | Create | Villager (Male) |
| 2:31 | Create | Villager (Male) |
| 2:37 | Create | Villager (Male) |
| 2:37 | Create | Villager (Male) |
| 3:00 | Create | Villager (Male) |
| 3:44 | Create | Villager (Male) |
| 3:59 | Build | House |
| 4:06 | Create | Villager (Male) |
| 4:14 | Create | Villager (Male) |
| 4:32 | Build | House |
| 4:48 | Build | Mill |
| 5:02 | Create | Villager (Male) |
| 5:28 | Create | Villager (Male) |
| 5:49 | Create | Villager (Male) |
| 6:10 | Research | Loom |
| 6:43 | Research | Feudal Age |
| 6:43 | Research | Feudal Age |
| 7:56 | Build | Barracks |
| 8:49 | Create | Villager (Male) |
| 8:51 | Build | Palisade Gate |
| 8:54 | Age | Feudal Age |
| 8:57 | Build | Archery Range |
| 9:06 | Build | Mining Camp |
| 9:13 | Build | Palisade Wall |
| 9:13 | Create | Villager (Male) |
| 9:17 | Build | Palisade Wall |
| 9:19 | Build | Palisade Wall |
| 9:20 | Build | Palisade Wall |
| 9:21 | Create | Villager (Male) |
| 9:22 | Build | Palisade Wall |
| 9:28 | Build | Palisade Wall |
| 9:31 | Create | Villager (Male) |
| 9:35 | Create | Spearman |
| 9:43 | Build | House |
| 9:44 | Create | Villager (Male) |
| 9:46 | Build | House |
| 9:52 | Create | Archer |
| 10:04 | Build | Palisade Gate |
| 10:08 | Create | Villager (Male) |
| 10:13 | Create | Villager (Male) |
| 10:24 | Create | Archer |
| 10:41 | Build | Farm |
| 10:43 | Create | Villager (Male) |
| 10:54 | Create | Archer |
| 10:57 | Create | Villager (Male) |
| 11:15 | Build | Farm |
| 11:17 | Build | Farm |
| 11:23 | Create | Archer |
| 11:29 | Build | House |
| 11:34 | Build | Palisade Wall |
| 11:42 | Build | Palisade Wall |
| 11:50 | Build | House |
| 11:50 | Build | Palisade Wall |
| 11:54 | Research | Town Watch |
| 12:02 | Build | House |
| 12:04 | Create | Archer |
| 12:19 | Create | Villager (Male) |
| 12:25 | Research | Double-Bit Axe |
| 12:25 | Research | Double-Bit Axe |
| 12:26 | Create | Archer |
| 12:45 | Create | Villager (Male) |
| 13:09 | Create | Villager (Male) |
| 13:12 | Build | Stable |
| 13:12 | Create | Archer |
| 13:14 | Create | Villager (Male) |
| 13:22 | Build | Farm |
| 13:35 | Create | Villager (Male) |
| 13:38 | Build | Farm |
| 13:45 | Create | Archer |
| 13:56 | Build | Farm |
| 13:59 | Create | Villager (Male) |
| 14:02 | Create | Villager (Male) |
| 14:08 | Create | Villager (Male) |
| 14:09 | Create | Scout Cavalry |
| 14:11 | Create | Villager (Male) |
| 14:18 | Create | Villager (Male) |
| 14:19 | Build | Farm |
| 14:21 | Create | Archer |
| 14:26 | Build | Farm |
| 14:36 | Build | Farm |
| 14:39 | Create | Scout Cavalry |
| 14:49 | Create | Villager (Male) |
| 14:57 | Create | Villager (Male) |
| 15:05 | Create | Villager (Male) |
| 15:11 | Build | Farm |
| 15:24 | Build | Blacksmith |
| 15:28 | Create | Archer |
| 15:32 | Build | Farm |
| 15:40 | Build | Farm |
| 15:48 | Build | House |
| 15:55 | Build | Palisade Wall |
| 16:01 | Create | Villager (Male) |
| 16:05 | Build | Farm |
| 16:07 | Create | Villager (Male) |
| 16:14 | Build | Farm |
| 16:18 | Create | Archer |
| 16:18 | Create | Archer |
| 16:32 | Research | Fletching |
| 16:34 | Build | House |
| 16:34 | Create | Villager (Male) |
| 16:43 | Create | Villager (Male) |
| 16:45 | Build | Farm |
| 16:54 | Create | Villager (Male) |
| 16:55 | Create | Archer |
| 16:59 | Build | House |
| 17:07 | Create | Villager (Male) |
| 17:11 | Create | Villager (Male) |
| 17:15 | Build | Farm |
| 17:25 | Create | Villager (Male) |
| 17:27 | Create | Archer |
| 17:42 | Create | Villager (Male) |
| 17:42 | Create | Archer |
| 17:46 | Build | Watch Tower |
| 18:00 | Create | Villager (Male) |
| 18:06 | Create | Skirmisher |
| 18:17 | Create | Villager (Male) |
| 18:19 | Build | Farm |
| 18:37 | Create | Villager (Male) |
| 18:41 | Create | Villager (Male) |
| 18:56 | Build | Palisade Wall |
| 19:12 | Research | Castle Age |
| 19:28 | Create | Archer |
| 19:31 | Build | Archery Range |
| 19:38 | Build | Archery Range |
| 19:48 | Research | Padded Archer Armor |
| 20:04 | Create | Archer |
| 20:24 | Create | Archer |
| 20:25 | Create | Archer |
| 20:29 | Research | Horse Collar |
| 20:29 | Research | Gold Mining |
| 20:52 | Build | House |
| 20:55 | Create | Archer |
| 20:55 | Create | Archer |
| 21:10 | Create | Villager (Male) |
| 21:12 | Build | House |
| 21:13 | Build | House |
| 21:17 | Build | House |
| 21:18 | Build | House |
| 21:20 | Create | Archer |
Match timeline
| 4:59 | OS+ | Emil :D · first_building Barracks |
| 7:56 | DS_Gali · first_building Barracks |
| 8:08 | OS+ | Emil :D · wall_segment Palisade Wall x1 |
| 8:50 | OS+ | Emil :D · age_up feudal |
| 8:54 | DS_Gali · age_up feudal |
| 8:57 | DS_Gali · first_building Archery Range |
| 9:02 | OS+ | Emil :D · first_building Archery Range |
| 9:13 | DS_Gali · wall_segment Palisade Wall x1 |
| 9:17 | DS_Gali · wall_segment Palisade Wall x1 |
| 9:19 | DS_Gali · wall_segment Palisade Wall x1 |
| 9:20 | DS_Gali · wall_segment Palisade Wall x1 |
| 9:22 | DS_Gali · wall_segment Palisade Wall x1 |
| 9:28 | DS_Gali · wall_segment Palisade Wall x1 |
| 11:34 | DS_Gali · wall_segment Palisade Wall x4 |
| 11:42 | DS_Gali · wall_segment Palisade Wall x8 |
| 11:50 | DS_Gali · wall_segment Palisade Wall x1 |
| 13:01 | OS+ | Emil :D · wall_segment Palisade Wall x3 |
| 13:12 | DS_Gali · first_building Stable |
| 13:12 | OS+ | Emil :D · wall_segment Palisade Wall x2 |
| 13:14 | OS+ | Emil :D · wall_segment Palisade Wall x12 |
| 13:15 | OS+ | Emil :D · wall_segment Palisade Wall x3 |
| 13:26 | OS+ | Emil :D · wall_segment Palisade Wall x2 |
| 15:55 | DS_Gali · wall_segment Palisade Wall x1 |
| 15:58 | OS+ | Emil :D · first_building Stable |
| 18:56 | DS_Gali · wall_segment Palisade Wall x11 |
| 19:44 | OS+ | Emil :D · first_market_buy 100 food |
| 20:52 | OS+ | Emil :D · age_up castle |
| 21:52 | DS_Gali · age_up castle |
| 21:56 | OS+ | Emil :D · wall_segment Palisade Wall x1 |
| 24:25 | DS_Gali · wall_segment Palisade Wall x1 |
| 24:26 | DS_Gali · wall_segment Palisade Wall x1 |
| 24:38 | OS+ | Emil :D · first_building Monastery |
| 27:01 | DS_Gali · wall_segment Palisade Wall x1 |
| 27:19 | DS_Gali · first_market_buy 100 wood |
| 28:47 | OS+ | Emil :D · first_building Siege Workshop |
| 30:49 | OS+ | Emil :D · first_market_sell 100 wood |
| 37:58 | DS_Gali · first_building Castle |
| 38:20 | OS+ | Emil :D · first_building Castle |
| 40:18 | DS_Gali · first_market_sell 100 food |
| 41:40 | DS_Gali · wall_segment Stone Wall x1 |
| 41:42 | DS_Gali · wall_segment Stone Wall x1 |
| 41:43 | DS_Gali · wall_segment Stone Wall x1 |
| 41:45 | DS_Gali · wall_segment Palisade Wall x1 |
| 41:46 | DS_Gali · wall_segment Palisade Wall x1 |
| 41:59 | DS_Gali · first_building Siege Workshop |
| 43:18 | OS+ | Emil :D · resign |
[ AI ANALYSIS · 1 CREDIT ]
What really happened in this match?
Wolo.gg analyzes every decision: build order, eco, micro, common mistakes by bracket. Personalized analysis on WhatsApp or Discord in 30 seconds.
Civ guide
Slavs
Perfil
Jugador #862991